 Dungeon Crawl Stone Soup version 0.23.2-33-g5129a83184 (webtiles) character file.

Game seed: 9292237005027694366

224 Exodus22XD the Covert (level 5, -5/35 HPs)
             Began as a Vampire Enchanter on July 2, 2019.
             Killed from afar by an orc wizard (6 damage)
             ... with a magic dart
             ... on level 3 of the Dungeon.
             The game lasted 00:16:12 (3677 turns).

Exodus22XD the Covert (Vampire Enchanter)           Turns: 3677, Time: 00:16:12

Health: -5/35      AC:  2    Str:  7    XL:     5   Next: 67%
Magic:  7/8        EV: 13    Int: 22    God:
Gold:   150        SH:  0    Dex: 15    Spells: 7/8 levels left

rFire    . . .     SeeInvis +   a - +2 dagger
rCold    + + .     Gourm    .   (no shield)
rNeg     + + +     Faith    .   b - +0 robe
rPois    ∞         Spirit   .   (no helmet)
rElec    .         Reflect  .   (no cloak)
rCorr    .         Harm     +   (no gloves)
MR       .....                  (no boots)
Stlth    ++++++....             i - amulet of harm
HPRegen  0.00/turn              e - +4 ring of intelligence
MPRegen  0.11/turn              (no ring)

@: about to teleport, bloodless, non-regenerating
A: fangs 3, see invisible, unbreathing
a: Bat Form


You were on level 3 of the Dungeon.
You were bloodless.

You visited 1 branch of the dungeon, and saw 3 of its levels.

You collected 150 gold pieces.

Inventory:

Hand Weapons
 a - a +2 dagger (weapon)
Armour
 b - a +0 robe (worn)
Jewellery
 c - an uncursed amulet of the acrobat {unknown}
 e - a +4 ring of intelligence (left hand)
 i - an amulet of harm (around neck)
Scrolls
 f - 2 scrolls of magic mapping
 l - 2 scrolls of identify {unknown}
 p - a scroll of enchant weapon
 q - a scroll of remove curse {unknown}
Potions
 d - 6 potions of blood
 h - a potion of resistance {unknown}
 j - a potion of heal wounds {unknown}
 k - 3 potions of haste {unknown}
 m - a potion of might {unknown}
 n - a potion of flight {unknown}
 o - a potion of mutation {unknown}


   Skills:
 * Level 3.3 Short Blades
 - Level 2.1 Dodging
 * Level 8.8 Stealth
 - Level 2.0 Spellcasting
 - Level 4.4 Hexes


You had 7 spell levels left.
You knew the following spells:

 Your Spells              Type           Power        Failure   Level  Hunger
a - Corona                Hex            ###....      2%          1    #......

Your spell library contained the following spells:

 Spells                   Type           Power        Failure   Level  Hunger
 Confuse                  Hex            ###.....     7%          3    ###....
 Tukima's Dance           Hex            ###.....     7%          3    ###....
 Ensorcelled Hibernation  Hex/Ice        ##....       9%          2    ##.....
 Animate Skeleton         Necr           N/A          14%         1    #......
 Dazzling Spray           Conj/Hex       ##....       17%         3    ###....


Dungeon Overview and Level Annotations

Branches:
Dungeon (3/15)

Altars:
Elyvilon
Gozag
Kikubaaqudgha
Nemelex Xobeh
Ru
Sif Muna
Vehumet
Yredelemnul
The Shining One


Innate Abilities, Weirdness & Mutations

You do not heal naturally.
You are immune to poison.
You have razor-sharp teeth.
You have supernaturally acute eyesight. (SInv)
You can survive without breathing.


Message History

You hit the orc wizard.
The orc wizard is severely wounded.
The orc wizard points at you and mumbles some strange words.
The magic dart hits you.
The orc wizard mumbles some strange words.
The orc wizard blinks!
The orc hits you.
* * * LOW HITPOINT WARNING * * *
The orc barely misses you.
Okay, then.
As you read the scroll of teleportation, it crumbles to dust.
You feel strangely unstable.
The orc wizard hits you with a +0 dagger.
* * * LOW HITPOINT WARNING * * *
The orc hits you.
* * * LOW HITPOINT WARNING * * *
The orc wizard barely misses you. The orc wizard closely misses you.
The orc wizard stops glowing.
The orc wizard gestures at you while chanting.
The magic dart hits you.
You die...

# #. # ********* #. # *,,,,,,,*
#. # *,,,,,,,* #.
#*****,,,,,,,*####* #.
+,,,,+,,,,,,,,,...## #.
#*****,,,,,,,***#..# #.
##################.#############.
............ooo.@................
...........o..o..............###.
....o.............>...######.# #.
....#############...#..# #.# #.
....# #....#.#####.###. ....#
#................ '####
#....##.####.###. .# #....##.#
#.#... .# #....##.## #.#.#.


You could see 2 orc wizards and 3 orcs.

Vanquished Creatures
  Sigmund (D:2)
  3 adders
  2 oozes
  A dart slug (D:1)
  4 leopard geckos
  6 bats
  2 giant cockroaches
  9 goblins
  5 hobgoblins
  3 frilled lizards
  3 kobolds
  6 rats
45 creatures vanquished.

Vanquished Creatures (others)
  A hobgoblin (D:3)
1 creature vanquished.

Grand Total: 46 creatures vanquished

Notes
Turn   | Place    | Note
-------+----------+-------------------------------------------
     0 | D:1      | Exodus22XD the Vampire Enchanter began the quest for the
                  | Orb.
     0 | D:1      | Reached XP level 1. HP: 13/13 MP: 3/3
   106 | D:1      | Reached skill level 5 in Stealth
   156 | D:1      | Reached XP level 2. HP: 13/19 MP: 5/5
  1477 | D:1      | Reached skill level 6 in Stealth
  1734 | D:2      | Noticed Sigmund
  1744 | D:2      | Killed Sigmund
  1744 | D:2      | Reached skill level 8 in Stealth
  1744 | D:2      | Reached XP level 3. HP: 24/24 MP: 6/6
  1744 | D:2      | Reached XP level 4. HP: 30/30 MP: 7/7
  1744 | D:2      | Reached XP level 5. HP: 35/35 MP: 8/8
  2688 | D:2      | Found a sparkling altar of Nemelex Xobeh.
  2689 | D:2      | Found an opulent altar of Gozag.
  2792 | D:2      | Found a sacrificial altar of Ru.
  3016 | D:3      | Found an ancient bone altar of Kikubaaqudgha.
  3031 | D:3      | Found a deep blue altar of Sif Muna.
  3032 | D:3      | Found a radiant altar of Vehumet.
  3048 | D:3      | Identified Kikubaaqudgha's Handbook of Evil Rituals
  3307 | D:3      | Found a white marble altar of Elyvilon.
  3555 | D:3      | Found a glowing golden altar of the Shining One.
  3558 | D:3      | Found a basalt altar of Yredelemnul.
  3560 | D:3      | Noticed a profane servitor
  3572 | D:3      | Noticed an angel
  3675 | D:3      | HP: 1/35 [orc (6)]
  3677 | D:3      | Killed from afar by an orc wizard

Skill      XL: |  1  2 |
---------------+-------+-----
Stealth        | 5 8 |  8.8
Short Blades   | 3 |  3.3
Dodging        | |  2.1
Spellcasting   | |  2.0
Hexes          | |  4.4

Action                   |  1- 3 |  4- 6 || total
-------------------------+-------+-------++-------
Melee: Dagger            |    78 |    67 ||   145
       Bite              |     5 |     5 ||    10
 Cast: Corona            |     6 |     8 ||    14
  Use: Scroll            |       |     4 ||     4
       Potion            |       |     1 ||     1
 Stab: Sleeping          |    10 |    10 ||    20
       Paralysed         |       |     1 ||     1
  Eat: Corpse            |     1 |     2 ||     3
Armor: Robe              |    11 |    11 ||    22
Dodge: Dodged            |    43 |    49 ||    92
